 Dungeon Crawl Stone Soup version 0.25.0-9-g26727b657a (webtiles) character file.

Game seed: 1765548644836505621

417 mopl the Spear-Bearer (level 6, -5/44 HPs)
             Began as a Merfolk Skald on June 18, 2020.
             Slain by Grinder (9 damage)
             ... while paralysed by Grinder
             ... on level 3 of the Dungeon.
             The game lasted 00:04:04 (3211 turns).

mopl the Spear-Bearer (Merfolk Skald)               Turns: 3211, Time: 00:04:05

Health: -5/44      AC:  3    Str: 14    XL:     6   Next: 93%
Magic:  9/9        EV:  2    Int: 12    God:
Gold:   157        SH:  0    Dex: 13    Spells: 3/9 levels left

rFire    . . .     SeeInvis .   a - +0 spear
rCold    . . .     Gourm    .   (no shield)
rNeg     . . .     Faith    .   b - +0 leather armour
rPois    .         Spirit   .   (no helmet)
rElec    .         Reflect  .   (no cloak)
rCorr    .         Harm     .   (no gloves)
MR       .....                  (boots currently unavailable)
Stlth    ++........             (no amulet)
HPRegen  0.14/turn              (no ring)
MPRegen  0.11/turn              (no ring)

@: paralysed, very quick
A: change form in water, swift swim, stealthy swim
a: no special abilities


You were on level 3 of the Dungeon.
You were not hungry.

You visited 1 branch of the dungeon, and saw 3 of its levels.
You also visited: Sewer.

You collected 157 gold pieces.

Inventory:

Hand Weapons
 a - a +0 spear (weapon)
Missiles
 o - 8 poisoned darts (quivered)
Armour
 b - a +0 leather armour (worn)
Wands
 k - a wand of polymorph (5)
Scrolls
 e - 3 scrolls of teleportation {unknown}
 f - a scroll of enchant weapon {unknown}
 g - a scroll of fear {unknown}
 h - 2 scrolls of identify {unknown}
 j - a scroll of amnesia {unknown}
 l - a scroll of immolation {unknown}
 m - a scroll of remove curse {unknown}
 s - 2 scrolls of magic mapping {unknown}
 t - 2 scrolls of blinking {unknown}
Potions
 c - 2 potions of invisibility {unknown}
 i - a potion of mutation {unknown}
 p - 2 potions of haste {unknown}
 q - 3 potions of magic {unknown}
 r - a potion of brilliance {unknown}
 u - a potion of might {unknown}
 v - a potion of heal wounds {unknown}
Comestibles
 d - 5 rations
 n - a chunk of flesh


   Skills:
 - Level 2.1 Fighting
 + Level 10.2 Polearms
 - Level 0.6 Armour
 - Level 2.6 Dodging
 - Level 2.0 Spellcasting
 - Level 3.2 Charms


You had 3 spell levels left.
You knew the following spells:

 Your Spells              Type           Power        Failure   Level  Hunger
a - Infusion              Chrm           #...         9%          1    ##.....
b - Song of Slaying       Chrm           #.......     14%         2    ###....
c - Spectral Weapon       Hex/Chrm       #.......     47%         3    ####...

Your spell library contained the following spells:

 Spells                   Type           Power        Failure   Level  Hunger
 Shroud of Golubria       Chrm/Tloc      #.....       26%         2    ###....
 Ozocubu's Armour         Chrm/Ice       #.......     47%         3    ####...
 Confusing Touch          Hex            #.......     71%         3    ####...
 Gell's Gravitas          Tloc           #.........   71%         3    ####...
 Petrify                  Tmut/Erth      #.......     98%         4    #####..
 Metabolic Englaciation   Hex/Ice        #.........   100%        5    ######.
 Yara's Violent Unravell  Hex/Tmut       #.........   100%        5    ######.


Dungeon Overview and Level Annotations

Branches:
Dungeon (3/15)              Sewer (visited)

Altars:
Dithmenos
Uskayaw

Annotations:
D:3 Grinder


Message History

You hit Grinder.
Grinder is almost dead.
Grinder hits you but does no damage.
You closely miss Grinder.
Your tail-slap misses Grinder.
Grinder is almost dead.
You hit Grinder but do no damage.
Grinder is almost dead.
Grinder gestures at you.
You suddenly lose the ability to move!
Grinder hits you!
You writhe in agony.
* * * LOW HITPOINT WARNING * * *
Grinder hits you but does no damage.
Grinder splashes around in the water.
Grinder hits you but does no damage. Grinder hits you!
* * * LOW HITPOINT WARNING * * *
You writhe in agony.
* * * LOW HITPOINT WARNING * * *
Grinder hits you!
You die...

## # .... #. ....
#.##..#
#...≈≈#########
#..≈≈≈#.≈≈≈÷≈≈#
#...#≈#######≈##
####..≈≈r#≈5@≈≈≈≈≈#
#.....≈#≈#(########
#.##.≈≈gg#≈≈≈≈≈# #.
#..≈#h#5#≈#r≈≈≈
#.##.§≈#≈#≈#≈# ##
#.....#≈o≈# ≈
##....##### ##
##..## #5##
#<.#....


You could see Grinder.

Vanquished Creatures
  Sigmund (D:2)
  A big kobold (Sewer)
  A river rat (D:3)
  9 adders
  An ooze (D:2)
  4 worms
  2 dart slugs
  A leopard gecko (D:3)
  3 orcs (D:3)
  5 ball pythons
  A giant cockroach (D:2)
  6 hobgoblins
  5 jackals
  2 bats (D:1)
  A frilled lizard (D:1)
  11 goblins
  9 kobolds
  8 rats
71 creatures vanquished.

Notes
Turn   | Place    | Note
-------+----------+-------------------------------------------
     0 | D:1      | mopl the Merfolk Skald began the quest for the Orb.
     0 | D:1      | Reached XP level 1. HP: 16/16 MP: 3/3
   417 | D:1      | Reached skill level 4 in Polearms
   417 | D:1      | Reached XP level 2. HP: 18/22 MP: 5/5
   432 | D:1      | Learned a level 2 spell: Song of Slaying
  1231 | D:2      | Reached skill level 5 in Polearms
  1231 | D:2      | Reached XP level 3. HP: 27/27 MP: 3/6
  1306 | D:2      | Found a hide-covered altar of Uskayaw.
  1622 | D:2      | Noticed Sigmund
  1680 | D:2      | Killed Sigmund
  1680 | D:2      | Reached skill level 8 in Polearms
  1680 | D:2      | Reached XP level 4. HP: 3/33 MP: 2/7
  1680 | D:2      | Reached XP level 5. HP: 4/38 MP: 2/8
  1967 | D:2      | Found a shadowy altar of Dithmenos.
  2027 | D:2      | Learned a level 3 spell: Spectral Weapon
  2038 | D:2      | Reached XP level 6. HP: 44/44 MP: 9/9
  2131 | D:2      | Found a shadowy altar of Dithmenos.
  2212 | D:2      | Reached skill level 9 in Polearms
  2376 | D:3      | Noticed Grinder
  2432 | D:3      | Found a glowing drain.
  2458 | Sewer    | Entered a sewer
  3113 | Sewer    | Reached skill level 10 in Polearms
  3194 | D:3      | Paralysed by Grinder for 4 turns
  3205 | D:3      | Paralysed by Grinder for 6 turns
  3211 | D:3      | Slain by Grinder

Illustrated notes

Levels and vault maps discovered:
D:1:      nicolae_arrival_memento_mori, layout_basic, serial_park_tiny_1
D:2:      wander_river, layout_loops_corners, lemuel_doored_altar,
          marbit_many_paths, nicolae_dithmenos_shadow_blocks, uniq_sigmund
D:3:      layout_loops_ring, nicolae_overflow_crystal_walls,
          lightli_sewer_entry_pipes, first_ration, uniq_grinder, uniq_jessica

Skill      XL: |  1  2  3  4  5  6 |
---------------+-------------------+-----
Polearms       | 4 5 8 10 | 10.2
Fighting       | |  2.1
Armour         | |  0.6
Dodging        | |  2.6
Spellcasting   | |  2.0
Charms         | |  3.2

Action                   |  1- 3 |  4- 6 || total
-------------------------+-------+-------++-------
Melee: Spear             |   100 |   236 ||   336
       Unarmed           |    12 |       ||    12
       Tailslap          |     1 |    15 ||    16
 Cast: Infusion          |     7 |     3 ||    10
 Stab: Sleeping          |     2 |     1 ||     3
  Eat: Chunk             |     2 |     5 ||     7
Armor: Leather armour    |     9 |    23 ||    32
Dodge: Dodged            |    41 |    96 ||   137
